 Dungeon Crawl Stone Soup version 0.17-a0-1880-gacf7e67 (webtiles) character file.

494 kae the Poker (level 7, -4/62 HPs)
             Began as a Naga Fighter on Sept 21, 2015.
             Slain by a gnoll (6 damage)
             ... on level 3 of the Dungeon.
             The game lasted 00:06:15 (4450 turns).

kae the Poker (Naga Fighter)                        Turns: 4450, Time: 00:06:15

Health: -4/62      AC:  5    Str: 22      XL:     7   Next: 15%
Magic:  7/7        EV:  5    Int:  6 (8)  God:
Gold:   93         SH:  9    Dex: 12      Spells: 0 memorised, 6 levels left

rFire  . . .     SeeInvis +     a - +0 trident
rCold  . . .     Rnd*Rage +     b - +0 scale mail
rNeg   . . .     SustAt   .     c - +0 shield
rPois  +         Gourm    .     (no helmet)
rElec  .         Spirit   .     (no cloak)
rCorr  .         Warding  .     (no gloves)
rMut   .         Stasis   .     (no barding)
MR     .....                    (no amulet)
Stlth  ..........               (no ring)
                                (no ring)

@: mighty, short of breath, very slow, not resistant to hostile enchantments,
extremely unstealthy
A: see invisible, berserk 1, deformed body, deterioration 1, poison resistance,
slowness 2, slow metabolism 1, spit poison 2, weak 1, AC +2
a: Spit Poison


You were on level 3 of the Dungeon.
You were hungry.

You visited 1 branch of the dungeon, and saw 3 of its levels.

You collected 93 gold pieces.

Inventory:

Hand weapons
 a - a +0 trident (weapon)
 t - a +0 halberd
Armour
 b - a +0 scale mail (worn)
 c - a +0 shield (worn)
Jewellery
 l - a +1 ring of evasion {unknown}
Scrolls
 m - 3 scrolls of identify {unknown}
 n - a scroll of noise {unknown}
 p - a scroll of fear {unknown}
 q - a scroll of random uselessness {unknown}
 r - a scroll of remove curse {unknown}
Potions
 f - a potion of heal wounds {unknown}
 g - a potion of mutation
 k - a potion of degeneration
 s - a potion of flight {unknown}
Comestibles
 e - a bread ration
 h - 2 meat rations


   Skills:
 - Level 3.0 Fighting
 + Level 7.6 Polearms
 - Level 2.4 Armour
 - Level 2.4 Shields


You had 6 spell levels left.
You didn't know any spells.

Dungeon Overview and Level Annotations

Branches:
Dungeon (3/15)

Altars:
The Shining One


Innate Abilities, Weirdness & Mutations

You cannot wear boots.
Your serpentine skin is tough (AC +2).
You have supernaturally acute eyesight.
Armour fits poorly on your strangely shaped body.
Your system is resistant to poisons.
You cover ground very slowly.
You have a slow metabolism.
You can spit poison.
You tend to lose your temper in combat.
Your body sometimes deteriorates upon taking damage.
You are weak. (Str -2)


Message History

The splash of poison hits the gnoll.
The gnoll is poisoned.
The gnoll is severely wounded.
You feel slightly more hungry.
Drink which item? (? for menu, Esc to quit)
It was a potion of degeneration.
There was something very wrong with that liquid.
You feel dopey. The gnoll hits you.
* * * LOW HITPOINT WARNING * * *
You block the gnoll's attack.
Drink which item? (? for menu, Esc to quit)
It was a potion of mutation.
You feel extremely strange.
You feel yourself wasting away.
You feel a little pissed off.
You feel weaker. You block the gnoll's attack.
The gnoll hits you but does no damage.
Unknown command.
Drink which item? (? for menu, Esc to quit)
It was a potion of poison.
You feel slightly nauseous.
You kill the gnoll!
The gnoll hits you.
You die...

.........P.......)(...#
.......P........))...P##
≈≈≈≈≈≈≈≈≈≈≈≈≈≈≈≈≈≈≈≈≈≈.##########
≈≈≈≈≈≈≈≈≈≈≈≈≈≈≈≈≈≈≈≈≈≈.g)........
≈≈≈≈≈≈≈≈≈≈≈≈≈≈≈#####≈≈.#####.####
........gg.)...#...#≈≈.......#
##############'#...#≈≈######)##
.#†###≈≈........#
.#@#.≈≈≈).......###
.#g#.≈≈≈........'..
#.#.≈≈≈........###
#..g.%.#.≈≈≈........###
#......#.≈≈≈........... ##
######.#.≈≈≈....####### ...#.
#.#.≈≈≈........... ...'.
'.#.≈≈≈.##.####### ...#.
#'###≈≈...........


You could see a gnoll.

Vanquished Creatures
  A gnoll shaman (D:3)
  Terence (D:2)
  An orc wizard (D:3)
  6 adders
  25 gnolls (D:3)
  7 worms
  A giant gecko (D:2)
  8 orcs (D:3)
  A ball python (D:1)
  10 bats
  2 hobgoblins
  14 jackals (D:3)
  7 giant cockroaches
  6 giant newts
  7 goblins
  10 kobolds
  2 quokkas (D:2)
  5 rats
114 creatures vanquished.

Notes
Turn   | Place    | Note
--------------------------------------------------------------
     0 | D:1      | kae the Naga Fighter began the quest for the Orb.
     0 | D:1      | Reached XP level 1. HP: 21/21 MP: 1/1
   165 | D:1      | Reached XP level 2. HP: 9/28 MP: 2/2
   974 | D:2      | Reached XP level 3. HP: 31/34 MP: 3/3
  1244 | D:2      | Reached skill level 4 in Polearms
  1347 | D:2      | Reached XP level 4. HP: 34/42 MP: 4/4
  1979 | D:3      | Noticed Terence
  2099 | D:2      | Killed Terence
  2099 | D:2      | Reached skill level 5 in Polearms
  2099 | D:2      | Reached XP level 5. HP: 15/49 MP: 5/5
  3322 | D:3      | Reached skill level 6 in Polearms
  3322 | D:3      | Reached XP level 6. HP: 45/56 MP: 6/6
  3455 | D:3      | Found a glowing golden altar of the Shining One.
  4109 | D:3      | Reached skill level 7 in Polearms
  4395 | D:3      | Reached XP level 7. HP: 57/62 MP: 7/7
  4443 | D:3      | HP: 1/62 [gnoll/halberd (8)]
  4448 | D:3      | HP: 1/62 [gnoll (1)]
  4449 | D:3      | Gained mutation: Your body sometimes deteriorates upon taking damage. [potion of mutation]
  4449 | D:3      | Gained mutation: You tend to lose your temper in combat. [potion of mutation]
  4449 | D:3      | Gained mutation: You are weak. (Str -2) [potion of mutation]
  4450 | D:3      | Slain by a gnoll

Vault maps used:
D:1:      eino_arrival_cavern_c, hangedman_decor_clover_reticule,
          wad_floor_pattern_untrapped, serial_bayou_pond_e
D:2:      serial_park_tiny_1
D:3:      lemuel_castle_with_subvaults, tso_altar, uniq_terence

Action                   |  1- 3 |  4- 6 |  7- 9 || total
-------------------------+-------+-------+-------++-------
Melee: Trident           |   131 |   310 |    14 ||   455
 Abil: Spit Poison       |       |    37 |     4 ||    41
  Use: Potion            |       |     1 |     5 ||     6
       Scroll            |       |     3 |     1 ||     4
  Eat: Chunk             |     1 |     5 |       ||     6
       Bread ration      |       |     1 |       ||     1
